Map: [ESL] Royal Blood

Players

ForJumY

  • Race: Protoss Protoss
  • Spawn Location: 1:00

Kelazhur - Winner!

  • Race: Terran Terran
  • League: Master
  • Spawn Location: 7:00

Event: HomeStory Cup XXIII

VOD

Have the link to the VOD?

Description

Time

  • Played on: June 30, 2023, 7:22 a.m.
  • Length: 4:27

All games in this series

Show
View Real Time Build Order
Export as new Build Order

ForJumY Protoss 

Build Orders:  

Get SALT Encoding   

  12  0:01  Probe  
  13  0:13  Probe  
  14  0:28  Probe, Pylon  
  15  0:46  Gateway  
  15  0:47  Gateway  
  15  0:57  Gateway  
  15  1:01  Probe  
  16  1:09  Pylon  
  16  1:32  Zealot x2 (Chrono Boost)  
  20  1:47  Zealot (Chrono Boost)  
  22  1:50  Zealot  
  22  1:53  Pylon  
  24  1:54  Zealot  
  27  2:16  Zealot (Chrono Boost)  
  27  2:19  Pylon  
  27  2:21  Zealot (Chrono Boost)  
  31  2:23  Assimilator  
  31  2:25  Zealot (Chrono Boost)  
  29  2:41  Zealot x2 (Chrono Boost)  
  29  2:45  Zealot  
  23  3:12  Zealot x2 (Chrono Boost)  
  27  3:13  Zealot (Chrono Boost)  
  27  3:31  Zealot (Chrono Boost)  
  27  3:33  Zealot x2 (Chrono Boost)  
  27  3:56  Zealot  
Show
View Real Time Build Order
Export as new Build Order

Kelazhur Terran - Winner!

Build Orders: Reaper Expand 

Get SALT Encoding   

  12  0:00  SCV  
  13  0:12  SCV  
  14  0:17  Supply Depot  
  14  0:24  SCV  
  15  0:38  SCV  
  15  0:40  Barracks  
  15  0:42  Refinery  
  16  0:50  SCV  
  17  1:03  SCV  
  18  1:15  SCV  
  19  1:27  Orbital Command, Reaper  
  20  1:40  Command Center  
  20  1:47  Supply Depot  
  20  1:53  SCV  
  21  1:59  Marine  
  22  2:05  Factory  
  22  2:07  SCV  
  23  2:17  Marine  
  25  2:23  Bunker  
  25  2:28  Supply Depot  
  23  2:33  SCV  
  23  2:35  Marine  
  25  2:47  SCV  
  24  2:52  Marine  
  21  2:59  Hellion, SCV  
  23  3:12  SCV  
  24  3:19  Barracks Tech Lab  
  23  3:20  Factory Tech Lab  
  23  3:24  SCV  
  24  3:32  Orbital Command  
  24  3:36  SCV  
  24  3:40  Cyclone  
  28  3:48  SCV  
  29  3:52  Marauder  
  31  3:57  SCV  
  31  4:00  SCV  
  33  4:09  SCV  
  34  4:12  SCV  
Tags
 
Add a new tag
Caveats
  • Supply blocks, unpowered buildings, or Contaminate may cause inaccurate times.
  • Supply counts are checked every 10 seconds.